Map: 파라 사이트 - 래더

Players

Patience - Winner!

  • Race: Protoss Protoss
  • League: Master
  • Spawn Location: 5:00

SpeCial

  • Race: Terran Terran
  • League: Grandmaster
  • Spawn Location: 11:00

Event: IEM Season 13 - Katowice Server Qualifiers America

VOD

Have the link to the VOD?

Description

Time

  • Played on: Jan. 6, 2019, 4:34 p.m.
  • Length: 16:28

All games in this series

Show
View Real Time Build Order
Export as new Build Order

Patience Protoss - Winner!

Build Orders: Phoenix Opening 

Get SALT Encoding   

  12  0:00  Probe  
  13  0:12  Probe  
  14  0:17  Pylon  
  14  0:23  Probe  
  15  0:31  Probe  
  16  0:37  Gateway  
  16  0:39  Probe  
  17  0:51  Probe, Pylon  
  18  0:57  Assimilator  
  18  1:03  Probe  
  19  1:10  Gateway  
  19  1:15  Probe  
  20  1:26  Cybernetics Core  
  20  1:27  Probe  
  21  1:33  Assimilator  
  21  1:39  Zealot  
  23  1:41  Probe  
  24  1:52  Stalker  
  24  1:53  Probe  
  25  1:59  Stalker  
  29  2:11  Pylon  
  29  2:13  Warp Gate  
  29  2:16  Probe  
  29  2:24  Stalker  
  30  2:31  Probe  
  30  2:43  Stalker  
  32  2:45  Probe  
  33  2:51  Pylon  
  33  2:57  Probe  
  34  3:08  Stargate  
  34  3:18  Probe  
  35  3:32  Probe  
  36  3:45  Phoenix  
  36  3:51  Probe  
  37  4:01  Robotics Facility  
  37  4:06  Phoenix  
  37  4:08  Nexus  
  39  4:17  Pylon  
  39  4:30  Phoenix  
  39  4:34  Pylon  
  39  4:35  Probe  
  42  4:42  Stalker  
  44  4:47  Shield Battery  
  44  4:49  Probe  
  46  4:53  Observer  
  46  5:01  Probe  
  47  5:13  Adept x2  
  47  5:14  Probe  
  52  5:15  Pylon  
  52  5:17  Immortal  
  52  5:28  Probe  
  57  5:29  Probe  
  58  5:37  Probe  
  58  5:40  Probe  
  60  5:45  Probe  
  60  5:48  Assimilator  
  61  5:52  Probe, Assimilator  
  62  5:57  Probe  
  62  6:01  Immortal  
  67  6:04  Probe  
  67  6:09  Probe  
  69  6:12  Robotics Bay  
  69  6:18  Probe  
  70  6:21  Probe  
  71  6:30  Warp Prism, Probe  
  72  6:33  Probe  
  72  6:35  Forge  
  72  6:39  Twilight Council  
  73  6:43  Probe  
  74  6:51  Probe  
  75  6:55  Nexus, Probe  
  75  6:58  Pylon  
  75  7:00  Colossus  
  76  7:03  Probe  
  76  7:05  Pylon  
  76  7:07  Probe  
  78  7:16  Probe  
  78  7:19  Probe  
  78  7:21  Protoss Ground Weapons Level 1  
  86  7:27  Blink  
  86  7:28  Probe  
  87  7:31  Probe, Extended Thermal Lance  
  88  7:40  Probe  
  88  7:41  Sentry, Pylon  
  88  7:43  Colossus  
  91  7:55  Probe x2  
  93  7:59  Observer  
  93  8:03  Gateway  
  93  8:05  Gateway  
  99  8:09  Gateway  
  99  8:15  Gateway  
  99  8:17  Sentry x2  
  103  8:28  Colossus  
  103  8:32  Observer  
  103  8:34  Probe  
  103  8:35  Probe  
  103  8:36  Probe  
  103  8:38  Assimilator  
  112  8:43  Assimilator  
  112  8:46  Pylon  
  112  8:47  Pylon  
  112  8:50  Adept x2  
  116  9:00  Pylon  
  116  9:05  Adept x3  
  116  9:07  Pylon x2  
  116  9:08  Protoss Ground Armor Level 1  
  116  9:09  Adept  
  124  9:10  Adept x2  
  124  9:11  Colossus  
  134  9:29  Charge  
  134  9:38  Pylon  
  134  9:43  Nexus  
  134  9:46  Forge  
  134  9:56  Immortal  
  138  10:10  Pylon  
  138  10:11  Protoss Ground Weapons Level 2  
  138  10:13  Gateway  
  138  10:16  Gateway  
  138  10:18  Gateway, Probe x2  
  138  10:19  Probe  
  138  10:20  Gateway  
  141  10:30  Observer  
  141  10:34  Stalker x6  
  150  10:44  Immortal  
  150  10:46  Probe x3  
  157  10:58  Probe x2  
  157  10:59  Probe x2  
  157  11:01  Assimilator  
  159  11:05  Assimilator  
  159  11:07  Templar Archives  
  159  11:08  Pylon  
  159  11:10  Pylon  
  159  11:13  Zealot  
  159  11:14  Zealot x5  
  171  11:20  Protoss Ground Armor Level 2  
  171  11:23  Immortal  
  175  11:43  Zealot x7  
  175  11:44  Zealot x2  
  161  11:49  Probe  
  161  11:50  Probe, Immortal  
  161  11:51  Probe  
  161  11:52  Probe  
  155  12:01  Probe  
  155  12:02  Probe  
  155  12:03  Probe  
  155  12:04  Probe  
  162  12:10  High Templar x3  
  162  12:11  High Templar x3  
  162  12:14  Archon x2  
  162  12:15  Archon  
  168  12:21  Warp Prism  
  168  12:22  Probe x2  
  170  12:23  Probe  
  170  12:24  Probe  
  174  12:35  Probe x2  
  175  12:56  Zealot x6  
  175  12:57  Stalker x3  
  193  13:04  Protoss Ground Weapons Level 3  
  177  13:16  Probe x4  
  177  13:19  Zealot x7  
  195  13:28  Probe  
  195  13:32  Protoss Air Weapons Level 1  
  196  13:45  Stargate, Fleet Beacon  
  196  13:46  Stargate  
  194  13:50  Zealot  
  196  13:57  Nexus  
  182  14:25  Tempest x2  
  182  14:27  Tempest  
  176  14:34  Zealot  
  176  14:35  Zealot x8  
  180  14:52  Stalker, Pylon  
  168  14:53  Stalker x4  
  168  14:58  Tempest x2  
  167  15:05  Tempest  
  178  15:16  Probe x2  
  178  15:17  Pylon  
  178  15:18  Probe x2  
  178  15:19  Probe  
  183  15:30  Zealot x7  
  183  15:31  Zealot  
  195  15:55  Zealot x6  
  195  15:56  Zealot x2, Pylon  
  183  16:10  Stalker  
  179  16:16  Stalker x8  
Show
View Real Time Build Order
Export as new Build Order

SpeCial Terran 

Build Orders: Cyclone Opening 

Get SALT Encoding   

  12  0:00  SCV  
  13  0:12  SCV  
  14  0:18  Supply Depot  
  14  0:25  SCV  
  15  0:39  SCV  
  15  0:42  Barracks  
  16  0:45  Refinery  
  16  0:51  SCV  
  16  0:57  Refinery  
  17  1:03  SCV  
  18  1:16  SCV  
  19  1:30  Reaper, Orbital Command  
  20  1:38  Supply Depot  
  20  1:46  Factory  
  20  1:55  Engineering Bay  
  20  1:58  SCV  
  21  2:10  SCV  
  22  2:22  SCV  
  23  2:34  SCV  
  24  2:37  Factory Tech Lab  
  23  2:46  SCV  
  23  2:47  Command Center  
  24  2:51  Supply Depot  
  24  2:56  Cyclone  
  27  2:58  SCV  
  28  3:06  Starport  
  28  3:10  SCV  
  27  3:27  SCV  
  27  3:28  Siege Tank  
  29  3:43  SCV  
  29  3:51  Marine  
  29  3:56  SCV  
  29  3:59  Starport Tech Lab  
  32  4:03  Widow Mine  
  32  4:10  Supply Depot  
  32  4:12  SCV  
  32  4:15  Orbital Command  
  33  4:24  Barracks Reactor, SCV  
  34  4:36  SCV  
  38  4:44  SCV  
  39  4:48  SCV  
  40  4:55  Orbital Command  
  40  4:57  Siege Tank  
  42  5:02  Marine x2  
  42  5:04  SCV  
  42  5:08  Command Center  
  42  5:16  SCV  
  42  5:20  Marine x2, SCV  
  46  5:27  Barracks  
  46  5:28  SCV  
  46  5:31  Barracks  
  47  5:35  SCV  
  47  5:37  Marine  
  47  5:38  Marine  
  47  5:40  Widow Mine, SCV  
  53  5:43  Supply Depot  
  53  5:48  SCV  
  54  5:53  SCV  
  54  5:55  Marine x2  
  57  6:00  SCV  
  58  6:05  SCV  
  58  6:09  Engineering Bay x2  
  59  6:12  SCV  
  59  6:17  Marine x2, SCV  
  61  6:25  Marine, Barracks Tech Lab, Bunker, Orbital Command  
  61  6:26  Stimpack  
  61  6:27  SCV  
  61  6:29  SCV  
  62  6:35  Factory Reactor, Missile Turret  
  62  6:36  Terran Infantry Weapons Level 1  
  62  6:38  Terran Infantry Armor Level 1  
  62  6:39  SCV  
  63  6:41  SCV  
  63  6:49  Starport  
  63  6:51  SCV x2  
  63  6:52  Marine  
  63  6:53  Marine x2, SCV  
  67  6:55  Marine  
  67  6:59  Combat Shield  
  68  7:03  SCV x2  
  68  7:05  SCV  
  68  7:07  Refinery, Supply Depot  
  71  7:10  Refinery  
  71  7:14  Marine x2  
  75  7:15  Marauder  
  75  7:16  Marauder  
  75  7:18  SCV  
  75  7:19  SCV x2  
  75  7:22  Factory Reactor  
  80  7:31  SCV x2, Supply Depot  
  80  7:35  Marine x2  
  80  7:36  Medivac x2  
  88  7:41  Marauder, Missile Turret  
  88  7:42  Marauder  
  92  7:44  SCV  
  93  7:52  SCV  
  93  7:53  Supply Depot, Orbital Command  
  94  7:59  Widow Mine  
  94  8:00  Widow Mine  
  94  8:02  SCV  
  94  8:03  Barracks  
  94  8:04  Barracks  
  99  8:06  Supply Depot  
  99  8:07  Marauder  
  101  8:14  Marauder  
  101  8:17  Medivac x2  
  107  8:21  SCV x2  
  107  8:26  Supply Depot  
  109  8:27  SCV  
  109  8:28  Marine x2, Marauder, Supply Depot  
  109  8:33  SCV x2  
  116  8:39  SCV  
  117  8:42  Supply Depot  
  117  8:45  SCV x2  
  117  8:46  Marine x2  
  117  8:47  Marauder  
  123  8:51  SCV  
  120  8:57  SCV x2  
  120  8:59  Liberator  
  120  9:01  Liberator, Barracks Tech Lab  
  120  9:02  Barracks Reactor  
  121  9:03  Marine, SCV  
  121  9:04  Marine, Marauder  
  121  9:09  Marauder, SCV  
  127  9:10  SCV  
  130  9:23  Refinery, SCV x2  
  135  9:26  Marine x2  
  135  9:29  Supply Depot  
  137  9:33  Marauder  
  137  9:35  SCV x2  
  141  9:39  Armory  
  141  9:45  Refinery  
  141  9:46  Refinery  
  141  9:47  Liberator x2  
  141  9:51  Marine x3  
  144  9:56  Marauder  
  144  9:58  Widow Mine x2  
  144  9:59  SCV x2  
  146  10:00  SCV  
  152  10:11  SCV  
  153  10:16  Marine x2, Marauder, Missile Turret  
  153  10:18  Sensor Tower  
  157  10:27  Terran Infantry Weapons Level 2, Terran Infantry Armor Level 2  
  157  10:35  Concussive Shells  
  157  10:40  Marine, SCV x2  
  157  10:41  Marauder, SCV  
  157  10:47  Supply Depot  
  157  10:50  Command Center  
  157  10:57  Supply Depot  
  157  10:59  Supply Depot  
  157  11:02  Terran Ship Weapons Level 1  
  157  11:09  Marine x2, Marauder, Medivac x2  
  165  11:19  Widow Mine x2  
  165  11:21  Marine, Marauder  
  165  11:24  Marine  
  165  11:25  Marauder  
  164  11:27  Marine  
  164  11:28  Marine  
  164  11:31  Marauder  
  163  11:39  Reaper, Medivac x2  
  165  11:41  Widow Mine, SCV x3  
  165  11:42  Reaper  
  165  11:43  Marauder  
  165  11:45  Marine x2  
  165  11:46  Marauder  
  170  11:52  Marauder  
  159  11:55  Widow Mine  
  150  12:02  Widow Mine  
  150  12:03  Marine x2, Starport  
  150  12:04  Marauder  
  150  12:06  SCV x2  
  150  12:07  Marine  
  151  12:09  Medivac x2  
  151  12:11  Marine  
  151  12:13  Marauder  
  151  12:14  Marine  
  153  12:21  Marine x2  
  155  12:25  Marauder  
  155  12:26  Marauder  
  155  12:28  Command Center  
  155  12:29  Marine  
  160  12:30  Fusion Core  
  160  12:32  Marine  
  160  12:33  Liberator x2  
  160  12:35  Marauder  
  163  12:39  Marine x2  
  163  12:42  SCV  
  163  12:43  SCV  
  165  12:46  Marine x2  
  165  12:47  Marauder  
  165  12:50  Marine  
  174  12:55  Starport Tech Lab  
  174  12:56  Marine, Marauder  
  174  12:57  Marine, Liberator  
  178  13:04  Marine, Marauder  
  176  13:07  Marine  
  176  13:08  Marauder  
  169  13:14  Marine x2  
  169  13:17  Marauder  
  169  13:19  Advanced Ballistics  
  175  13:20  Liberator  
  175  13:22  Marine, Liberator  
  175  13:26  Marauder  
  178  13:27  Barracks  
  178  13:28  Barracks  
  178  13:30  Marauder  
  178  13:31  Marine  
  180  13:40  Marauder, Liberator  
  186  13:41  Terran Ship Weapons Level 2, Supply Depot  
  186  13:44  Supply Depot  
  186  13:47  Marauder  
  188  13:51  Marauder  
  190  13:58  Missile Turret  
  190  14:02  Marine  
  196  14:03  Marauder  
  196  14:04  Marine  
  196  14:08  Marine, Marauder  
  191  14:12  Marauder  
  191  14:15  Liberator x2  
  191  14:16  Marine  
  188  14:21  Marine  
  188  14:22  Marine, Liberator  
  178  14:24  Marauder  
  178  14:27  Marine  
  178  14:30  Marauder  
  165  14:34  Marine, Marauder  
  165  14:35  SCV x3  
  173  14:57  Marine, Marauder  
  173  14:58  Liberator x2, SCV x3  
  161  15:02  Marine, Marauder  
  158  15:10  SCV x2  
  159  15:16  Marine x2  
  159  15:17  Marauder  
  159  15:18  Liberator x2  
  159  15:21  Marine x2, Marauder  
  171  15:23  Marine  
  175  15:38  Marauder  
  175  15:40  Marine  
  179  15:47  Marauder  
  174  15:53  Marine  
  174  15:54  Marauder, SCV x3  
  147  16:08  Marine  
  147  16:09  SCV x3  

Tags
 
Add a new tag
Caveats
  • Supply blocks, unpowered buildings, or Contaminate may cause inaccurate times.
  • Supply counts are checked every 10 seconds.